[Event "Titled Tuesday Blitz April 18 Early 2023"]
[White "Taichman, Ori"]
[Black "Yuan, Qingyu"]
[WhiteFideId "2804069"]
[BlackFideId "8609772"]
[WhiteElo "2237"]
[BlackElo "2359"]
[Result "0-1"]
[Round "07"]
[TimeControl "180+2"]
[Date "2023.04.18"]
[WhiteClock "0:00:32"]
[BlackClock "0:00:18"]

1. e4 e5 2. d4 exd4 3. Qxd4 Nc6 4. Qe3 Nf6 5. Nc3 Bb4 6. Bd2 O-O 7. O-O-O Re8 8. Qg3 Nxe4 9. Nxe4 Rxe4 10. c3 Be7 11. Nf3 d5 12. Bf4 Bf5 13. Bd3 Qc8 14. Bxe4 Bxe4 15. Ng5 Bg6 16. Qh3 Bf5 17. g4 Bxg5 18. Bxg5 Bxg4 19. Qd3 Bxd1 20. Rxd1 h6 21. Bh4 Qg4 22. Bg3 d4 23. cxd4 Rd8 24. d5 Nb4 25. Qb3 Qg5+ 26. f4 Qe7 27. f5 Qc5+ 28. Kb1 Rxd5 29. Rc1 Qb5 30. Rxc7 Qf1+ 31. Rc1 Qxf5+ 32. Ka1 Nc2+ 33. Kb1 Nd4+ 34. Qc2 Nxc2 0-1


[Site "https://www.chess.com"]

[Event "Titled Tuesday Blitz April 18 Early 2023"]
[White "Gubajdullin, Alexei"]
[Black "Harshavardhan G B"]
[WhiteFideId "4141202"]
[BlackFideId "25059009"]
[WhiteElo "2279"]
[BlackElo "2323"]
[Result "1-0"]
[Round "07"]
[TimeControl "180+2"]
[Date "2023.04.18"]
[WhiteClock "0:00:15"]
[BlackClock "0:00:10"]

1. c4 Nf6 2. g3 e5 3. Bg2 d5 4. cxd5 Nxd5 5. Nc3 Nb6 6. Nf3 Nc6 7. O-O Be7 8. b3 g5 9. Bb2 g4 10. Ne1 h5 11. Rc1 Be6 12. Ne4 Bd5 13. Rxc6 Bxc6 14. Bxe5 f6 15. Bb2 Nd5 16. Nd3 b6 17. Qc2 Bb7 18. Qc4 Qd7 19. Nxf6+ Bxf6 20. Bxf6 O-O 21. Nf4 c6 22. Nxh5 Qf5 23. Bxd5+ cxd5 24. Qc7 Rf7 25. Qe5 Qxe5 26. Bxe5 Re7 27. d4 Kf7 28. Nf6 Rc8 29. Nxg4 Rc2 30. e3 Ba6 31. Re1 Bd3 32. Nf6 Be4 33. Nxe4 dxe4 34. h4 Ke6 35. h5 Rf7 36. Bf4 Kf5 37. h6 Kg6 38. Kg2 Rxa2 39. Rc1 Kh7 40. g4 Ra5 41. g5 Rd5 42. Rc6 Rf8 43. g6+ Kg8 44. Be5 Rxe5 45. dxe5 Re8 46. Kg3 Kf8 47. Kf4 Kg8 48. Kxe4 Kh8 49. f4 b5 50. f5 a5 51. f6 b4 52. f7 Rxe5+ 53. Kxe5 a4 54. Rc8# 1-0


[Site "https://www.chess.com"]

[Event "Titled Tuesday Blitz April 18 Early 2023"]
[White "Wagner, Dennis"]
[Black "Rodchenkov, Sergey D."]
[WhiteFideId "24650684"]
[BlackFideId "4168712"]
[WhiteElo "2470"]
[BlackElo "2277"]
[Result "0-1"]
[Round "07"]
[TimeControl "180+2"]
[Date "2023.04.18"]
[WhiteClock "0:00:05"]
[BlackClock "0:00:34"]

1. d4 d5 2. Nf3 Nf6 3. g3 Bg4 4. Ne5 Bf5 5. Bg2 Nbd7 6. c4 e6 7. Nc3 c6 8. O-O Be7 9. Qb3 Qb6 10. Nxd7 Nxd7 11. e4 dxe4 12. Nxe4 O-O 13. Be3 Qxb3 14. axb3 Nf6 15. Nc3 a5 16. h3 Bc2 17. Na4 Bxb3 18. Nb6 Ra6 19. c5 Nd5 20. Nxd5 exd5 21. Bd2 a4 22. Rfe1 Bf6 23. Bc3 g6 24. f4 h6 25. Kf2 Kg7 26. h4 h5 27. Bf1 Ra7 28. Re3 Rfa8 29. Ra3 Rd8 30. Bd3 Raa8 31. Re1 Rdb8 32. Re2 b6 33. cxb6 Rxb6 34. Ra1 Rab8 35. Rc1 R6b7 36. Re3 Ra7 37. Be2 a3 38. bxa3 Rxa3 39. Ra1 Rxa1 40. Bxa1 Ra8 41. Bc3 c5 42. Rf3 cxd4 43. Bb4 Bc4 44. Bd6 Ra2 0-1


[Site "https://www.chess.com"]

[Event "Titled Tuesday Blitz April 18 Early 2023"]
[White "Jumanov, Elbek"]
[Black "Srihari L R"]
[WhiteFideId "14202905"]
[BlackFideId "46617116"]
[WhiteElo "2055"]
[BlackElo "2334"]
[Result "1-0"]
[Round "07"]
[TimeControl "180+2"]
[Date "2023.04.18"]
[WhiteClock "0:00:07"]
[BlackClock "0:00:02"]

1. c4 e5 2. g3 d6 3. Bg2 f5 4. Nc3 Nf6 5. Rb1 Be7 6. b4 O-O 7. b5 Nbd7 8. e3 e4 9. d4 exd3 10. Qxd3 Nc5 11. Qc2 Be6 12. Nd5 Nfe4 13. Ne2 a6 14. a4 axb5 15. axb5 Bxd5 16. cxd5 Qd7 17. O-O Ra5 18. b6 cxb6 19. Rxb6 Qa4 20. Qxa4 Rxa4 21. Bb2 Ra2 22. Nc1 Raa8 23. Bd4 Bf6 24. Bxe4 Bxd4 25. exd4 Nxe4 26. Rxb7 Ra5 27. Ne2 Rxd5 28. Nf4 Ra5 29. Ne6 Re8 30. Rc1 Nf6 31. Nxg7 Rd8 32. Rcc7 Nd5 33. Rf7 Rb8 34. Nxf5 Rxb7 35. Rxb7 Nc3 36. Nxd6 Ne2+ 37. Kg2 Nxd4 38. Ne4 Ra2 39. Nf6+ Kf8 40. Nxh7+ Kg8 41. Nf6+ Kf8 42. h4 Nf5 43. h5 Nh6 44. g4 Ra6 45. g5 Nf5 46. Nh7+ Kg8 47. h6 Nxh6 48. gxh6 Rxh6 49. Ng5 Rg6 50. f4 Ra6 51. Kg3 Ra3+ 52. Kg4 Ra4 53. Kf5 Ra5+ 54. Kg4 Ra4 55. Kf5 Ra5+ 56. Kg6 Ra6+ 57. Kh5 Ra5 58. Kh6 Ra6+ 59. Kh5 Ra5 60. Rc7 Kf8 61. Kg6 Ra6+ 62. Kh5 Ra5 63. Kg4 Ra4 64. Rb7 Ke8 65. Ne6 Ra1 66. Ng7+ Kf8 67. Nf5 Rg1+ 68. Ng3 Kg8 69. f5 Kf8 70. Kf4 Kg8 71. Nh5 Rf1+ 72. Kg5 Rg1+ 73. Kf6 Rh1 74. Rb8+ Kh7 75. Nf4 Ra1 76. Ng6 Ra6+ 77. Kg5 Kg7 78. Rb7+ Kg8 79. Rb8+ Kg7 80. Rb7+ Kg8 81. Ne7+ Kf8 82. Nd5 Ra5 83. Nf4 Ra6 84. f6 Ke8 85. f7+ Kf8 86. Nd5 Ra5 87. Kg6 Ra6+ 88. Kf5 Rf6+ 89. Nxf6 1-0


[Site "https://www.chess.com"]

[Event "Titled Tuesday Blitz April 18 Early 2023"]
[White "Brunner, Nicolas"]
[Black "Rios Escobar, Adan"]
[WhiteFideId "620246"]
[BlackFideId "3403645"]
[WhiteElo "2327"]
[BlackElo "2472"]
[Result "0-1"]
[Round "07"]
[TimeControl "180+2"]
[Date "2023.04.18"]
[WhiteClock "0:00:01"]
[BlackClock "0:00:15"]

1. Nf3 Nf6 2. g3 c5 3. c4 g6 4. Bg2 Bg7 5. Nc3 O-O 6. d4 cxd4 7. Nxd4 Nc6 8. O-O Qa5 9. Nc2 d6 10. Bd2 Qh5 11. e4 Ng4 12. h3 Nge5 13. Qxh5 gxh5 14. Ne3 Bxh3 15. Bxh3 Nf3+ 16. Kg2 Nxd2 17. Rfe1 e6 18. f3 Bxc3 19. bxc3 Na5 20. c5 dxc5 21. e5 Rfd8 22. Rad1 Ndc4 23. Nc2 Nxe5 24. Rxd8+ Rxd8 25. Rxe5 Rd2+ 26. Kf1 Rxc2 27. Rxc5 Rxa2 28. Rg5+ Kf8 29. Rxh5 Nc4 30. f4 Nd2+ 31. Ke2 Ne4+ 32. Kd3 Nf2+ 33. Kd4 Nxh3 34. Rxh3 Kg7 35. Rh5 a5 36. Rb5 a4 37. Rxb7 a3 38. Ra7 Ra1 39. Kc5 a2 40. c4 Kf6 41. Kc6 h5 42. c5 Kg6 43. Kc7 Kf5 44. c6 Kg4 45. Ra3 f6 46. Kc8 e5 47. fxe5 fxe5 48. c7 e4 49. Ra4 Kxg3 50. Rxe4 Rc1 0-1


[Site "https://www.chess.com"]

[Event "Titled Tuesday Blitz April 18 Early 2023"]
[White "Manukyan, Sargis A."]
[Black "Akylbek2021"]
[WhiteFideId "13303970"]
[WhiteElo "2187"]
[BlackElo "2446"]
[Result "1-0"]
[Round "07"]
[TimeControl "180+2"]
[Date "2023.04.18"]
[WhiteClock "0:00:46"]
[BlackClock "0:00:01"]

1. d4 Nf6 2. c4 c5 3. d5 e6 4. Nc3 exd5 5. cxd5 d6 6. Nf3 g6 7. h3 Bg7 8. Bf4 O-O 9. e3 Na6 10. Be2 Nc7 11. O-O a6 12. a4 Rb8 13. a5 b5 14. axb6 Rxb6 15. Nd2 Ncxd5 16. Nxd5 Nxd5 17. Nc4 Nxf4 18. exf4 Rb4 19. Qxd6 Be6 20. Qxd8 Rxd8 21. Ne3 Rxb2 22. Bxa6 Rb4 23. Rad1 Ra8 24. f5 gxf5 25. Be2 f4 26. Nd5 Rb2 27. Nc7 Rxe2 28. Nxa8 Bd4 29. Nc7 Bc4 30. Rc1 Bd3 31. Nd5 f3 32. Nf4 fxg2 33. Kxg2 Rd2 34. Nxd3 Rxd3 35. Rfd1 Rb3 36. Rb1 Ra3 37. Rd2 Kg7 38. Re2 Kg6 39. Rb6+ f6 40. Rc6 h5 41. Rc7 Ra4 42. Rc8 Be5 43. Rxc5 Ra3 44. Rc6 Kf5 45. Rc8 Kg6 46. Rh8 Ra4 47. Rc2 Rb4 48. Rg8+ 1-0


[Site "https://www.chess.com"]

[Event "Titled Tuesday Blitz April 18 Early 2023"]
[White "Korchmar, Vasiliy"]
[Black "Delorme, Axel"]
[WhiteFideId "24131750"]
[BlackFideId "632023"]
[WhiteElo "2370"]
[BlackElo "2478"]
[Result "1-0"]
[Round "07"]
[TimeControl "180+2"]
[Date "2023.04.18"]
[WhiteClock "0:00:06"]
[BlackClock "0:00:05"]

1. e4 c5 2. Nf3 d6 3. d4 cxd4 4. Nxd4 Nf6 5. Nc3 Bd7 6. Be2 Nc6 7. O-O e6 8. Be3 Be7 9. f4 O-O 10. Bf3 Nxd4 11. Bxd4 Bc6 12. Qe2 Nd7 13. Rad1 Qc7 14. Nd5 Qd8 15. Nxe7+ Qxe7 16. Bc3 Rad8 17. Bb4 Nc5 18. Qe3 b6 19. Rd2 Rd7 20. Rfd1 Rfd8 21. c4 e5 22. f5 h6 23. Ba3 Qg5 24. Qe2 Qf6 25. Qe3 Qg5 26. Qe2 a5 27. b3 Qf4 28. Bc1 Qh4 29. g3 Qf6 30. Qe3 Qg5 31. Qe2 Qf6 32. Bb2 Qe7 33. Bc3 Qf6 34. Re1 Qe7 35. Qe3 Qg5 36. Qf2 Qe7 37. h4 Qf6 38. Kh2 Qe7 39. Qe3 Qf6 40. Kh3 Qe7 41. Rg1 Kh7 42. g4 g6 43. g5 h5 44. Bxh5 gxh5 45. Qf3 Kg8 46. Qxh5 Nxe4 47. f6 Qf8 48. g6 Nxf6 49. gxf7# 1-0


[Site "https://www.chess.com"]

[Event "Titled Tuesday Blitz April 18 Early 2023"]
[White "Dwilewicz, Katarzyna"]
[Black "Djordjevic, Vuk"]
[WhiteFideId "1148486"]
[BlackFideId "902098"]
[WhiteElo "2065"]
[BlackElo "2452"]
[Result "0-1"]
[Round "07"]
[TimeControl "180+2"]
[Date "2023.04.18"]
[WhiteClock "0:00:10"]
[BlackClock "0:00:38"]

1. e4 d5 2. exd5 Qxd5 3. Nf3 Nf6 4. d4 Bg4 5. Be2 e6 6. h3 Bh5 7. O-O Be7 8. c4 Qd8 9. Nc3 O-O 10. Be3 Na6 11. Ne5 Bxe2 12. Qxe2 c5 13. Rad1 cxd4 14. Bxd4 Qc8 15. b3 Nb4 16. Ng4 Ne8 17. Rfe1 Nc6 18. Ne5 Nxd4 19. Rxd4 Bb4 20. Qd3 Nf6 21. Rd1 Bc5 22. Rh4 Rd8 23. Qxd8+ Qxd8 24. Rxd8+ Rxd8 25. Ne4 Rd1+ 26. Kh2 Nxe4 27. Rxe4 Bxf2 28. Nxf7 Bg1+ 29. Kg3 Rd3+ 30. Kg4 Kxf7 31. Rf4+ Ke7 0-1


[Site "https://www.chess.com"]

[Event "Titled Tuesday Blitz April 18 Early 2023"]
[White "Andersson, Bjorn 1971"]
[Black "Dehtiarov, Roman"]
[WhiteFideId "1702114"]
[BlackFideId "14186640"]
[WhiteElo "2176"]
[BlackElo "2189"]
[Result "0-1"]
[Round "07"]
[TimeControl "180+2"]
[Date "2023.04.18"]
[WhiteClock "0:00:01"]
[BlackClock "0:01:38"]

1. e4 e5 2. Nf3 Nc6 3. d4 exd4 4. Bb5 a6 5. Ba4 Nf6 6. O-O Be7 7. Re1 b5 8. Bb3 d6 9. Bd5 Nxd5 10. exd5 Ne5 11. Nxe5 dxe5 12. Rxe5 O-O 13. Qf3 Bf6 14. Re1 Bb7 15. Nd2 Qxd5 16. Ne4 Be7 17. Bf4 f5 18. Nd2 Qxf3 19. Nxf3 Bf6 20. Ne5 Rfe8 21. Nd3 Kf7 22. Kf1 g5 23. Bxc7 Rac8 24. Ne5+ Kg7 25. Bd6 Re6 26. Nc4 Rxe1+ 27. Rxe1 Rxc4 28. c3 dxc3 29. bxc3 Rxc3 30. Bb4 Rc4 31. a3 Be4 32. f3 Bd3+ 33. Kf2 Bd4+ 34. Kg3 h5 35. h4 gxh4+ 36. Kh3 Bf2 37. Re7+ Kf6 0-1


[Site "https://www.chess.com"]

[Event "Titled Tuesday Blitz April 18 Early 2023"]
[White "Delorme, Alban"]
[Black "Ravi, Teja S."]
[WhiteFideId "623636"]
[BlackFideId "5017220"]
[WhiteElo "2196"]
[BlackElo "2433"]
[Result "0-1"]
[Round "07"]
[TimeControl "180+2"]
[Date "2023.04.18"]
[WhiteClock "0:00:03"]
[BlackClock "0:01:45"]

1. e4 c6 2. d4 d5 3. exd5 cxd5 4. Nf3 Nc6 5. c3 Bg4 6. Bb5 Qc7 7. O-O e6 8. h3 Bh5 9. Bg5 Bd6 10. Re1 Ne7 11. Bxe7 Bxe7 12. Nbd2 O-O 13. Qc2 Rac8 14. a3 Qb6 15. Bd3 Bg6 16. Bxg6 hxg6 17. Qd3 Na5 18. b4 Nc4 19. Nb3 Qc7 20. Rec1 Bd6 21. a4 Qe7 22. a5 Rc7 23. Nc5 Rfc8 24. Nd2 Nxd2 25. Qxd2 b6 26. axb6 axb6 27. Nd3 Qf6 28. Ra6 Rb8 29. Rca1 Qd8 30. Ra7 Rbc8 31. Rxc7 Qxc7 32. Qe2 Qxc3 33. Ra7 Qxd4 34. Qf3 Qf6 35. Qe3 b5 0-1


[Site "https://www.chess.com"]

[Event "Titled Tuesday Blitz April 18 Early 2023"]
[White "Indjic, Aleksandar"]
[Black "Girya, Olga"]
[WhiteFideId "911925"]
[BlackFideId "4195752"]
[WhiteElo "2614"]
[BlackElo "2263"]
[Result "0-1"]
[Round "07"]
[TimeControl "180+2"]
[Date "2023.04.18"]
[WhiteClock "0:01:54"]
[BlackClock "0:01:56"]

1. e4 e5 2. Nf3 Nc6 3. Bb5 a6 4. Ba4 Nf6 5. O-O Nxe4 6. d4 b5 7. Bb3 d5 8. dxe5 Be6 9. Qe2 Nc5 10. Rd1 Nxb3 11. axb3 Be7 12. h3 O-O 13. Nc3 Nb4 14. Nd4 c5 15. Nxe6 fxe6 16. Ne4 Qc7 17. Nd2 Nxc2 18. Rb1 Nd4 19. Qe3 Rf5 20. f4 Rxf4 21. Re1 Raf8 22. Kh2 Nc2 23. Qe2 Nxe1 24. Qxe1 Bh4 0-1


[Site "https://www.chess.com"]

[Event "Titled Tuesday Blitz April 18 Early 2023"]
[White "Mekhitarian, Krikor Sevag"]
[Black "Janaszak, Dawid"]
[WhiteFideId "2107660"]
[BlackFideId "1119206"]
[WhiteElo "2604"]
[BlackElo "2220"]
[Result "1/2-1/2"]
[Round "07"]
[TimeControl "180+2"]
[Date "2023.04.18"]
[WhiteClock "0:00:03"]
[BlackClock "0:00:03"]

1. Nf3 Nf6 2. c4 g6 3. Nc3 Bg7 4. e4 O-O 5. d4 d6 6. h3 c5 7. d5 e6 8. Bd3 exd5 9. exd5 Re8+ 10. Be3 Rxe3+ 11. fxe3 Qe7 12. O-O Nbd7 13. Qd2 Ne8 14. Rae1 Ne5 15. Nxe5 Bxe5 16. Rf3 f5 17. Ref1 Nf6 18. Ne2 Bd7 19. Nf4 Re8 20. b3 b6 21. a4 a5 22. Qf2 Kg7 23. Qh4 h6 24. Qf2 Rf8 25. Kh1 Nh7 26. Qc2 Ng5 27. R3f2 Rf6 28. Ne2 h5 29. Nf4 Qe8 30. Qe2 Qe7 31. Qe1 Qe8 32. Re2 Qf7 33. Qg3 Kh6 34. Qh4 Qe7 35. Qe1 Rf8 36. Bc2 Kg7 37. Nd3 Bf6 38. Nf4 Re8 39. Qg3 Kh6 40. Qf2 Qe5 41. Qe1 Rg8 42. Qd2 Re8 43. Nd3 Qe7 44. Nf4 Qe5 45. Qd1 Rg8 46. Bb1 Qe7 47. Qe1 Re8 48. Qf2 Qe5 49. Qg3 Rg8 50. Bc2 Nf7 51. Qe1 Ng5 52. Ref2 Re8 53. Re2 Kh7 54. Qd2 Kg7 55. Qc1 Qe7 56. Qb1 Be5 57. Nd3 Bf6 58. Nf2 Rf8 59. Rfe1 Be5 60. Nd3 Bf6 61. Nf4 Nf7 62. e4 fxe4 63. Bxe4 Ne5 64. Bxg6 Bg5 65. Nxh5+ Kh6 66. Ng3 Bh4 67. Nf5+ Bxf5 68. Bxf5 Bxe1 69. Rxe1 Qg5 70. Rf1 Kg7 71. Qe4 Rf6 72. Kh2 Kf8 73. Qf4 Qg7 74. Qe4 Ke7 75. g4 Kd8 76. Kg3 Rf8 77. Qf4 Kc7 78. Rh1 Qf7 79. h4 Rg8 80. h5 Qf6 81. h6 Nf7 82. h7 Rh8 83. Rh5 Qc3+ 84. Qf3 Qa1 85. Kg2 Qe1 86. Qf2 Qc3 87. Be6 Ne5 88. Rh3 Qa1 89. g5 Qc1 90. Rg3 Rxh7 91. Bh3 Rg7 92. g6 Qh6 93. Bf5 Qh5 94. Be4 Qh4 95. Bf5 Qh5 96. Be4 Qh4 97. Qe2 Qf6 98. Qf2 Qh4 1/2-1/2


[Site "https://www.chess.com"]

[Event "Titled Tuesday Blitz April 18 Early 2023"]
[White "Hirneise, Jens"]
[Black "Ashraf, Artin"]
[WhiteFideId "24614734"]
[BlackFideId "22514805"]
[WhiteElo "2345"]
[BlackElo "2188"]
[Result "0-1"]
[Round "07"]
[TimeControl "180+2"]
[Date "2023.04.18"]
[WhiteClock "0:00:06"]
[BlackClock "0:00:06"]

1. Nf3 c5 2. g3 Nc6 3. e4 Nf6 4. Nc3 e6 5. Bg2 d5 6. exd5 exd5 7. O-O d4 8. Re1+ Be7 9. Ne2 O-O 10. Nf4 Bd6 11. d3 Bd7 12. h3 Qc8 13. Kh2 Qc7 14. Bd2 h6 15. Ng1 Ne7 16. Nh5 Nfd5 17. Bxd5 Nxd5 18. Qf3 Qc6 19. Bxh6 Nb4 20. Bxg7 Qxf3 21. Nxf3 Rfe8 22. Be5 Be7 23. Re2 Bc6 24. Ng1 Bd8 25. Rae1 c4 26. dxc4 d3 27. cxd3 Nxd3 28. f4 Nxe1 29. Rxe1 f6 30. Bc3 Rxe1 31. Bxe1 Be8 32. g4 Bxh5 33. gxh5 Rc8 34. b3 b5 35. cxb5 Rc2+ 36. Kg3 Rxa2 37. Bf2 Bb6 38. Bxb6 axb6 39. Nf3 Rb2 40. Nd4 Rd2 41. Nf5 Rd3+ 42. Kg4 Rxb3 43. h6 Rxb5 44. h4 Kh7 45. h5 Rc5 46. Ng3 Kxh6 47. f5 Rc4+ 48. Kf3 b5 49. Ne4 Rxe4 50. Kxe4 Kxh5 51. Kd4 Kg5 52. Kc5 Kxf5 53. Kxb5 Ke4 54. Kc4 f5 55. Kc3 Ke3 0-1


[Site "https://www.chess.com"]

[Event "Titled Tuesday Blitz April 18 Early 2023"]
[White "Yelisieiev, Yevhenii"]
[Black "chessfatbear"]
[WhiteFideId "14139642"]
[WhiteElo "2425"]
[BlackElo "2762"]
[Result "0-1"]
[Round "07"]
[TimeControl "180+2"]
[Date "2023.04.18"]
[WhiteClock "0:00:10"]
[BlackClock "0:00:04"]

1. d4 Nf6 2. Nf3 g6 3. g3 Bg7 4. Bg2 O-O 5. O-O d5 6. c4 c6 7. b3 a5 8. Bb2 a4 9. Nbd2 Bf5 10. Nh4 Be6 11. e4 dxe4 12. Nxe4 axb3 13. axb3 Rxa1 14. Qxa1 Nxe4 15. Bxe4 Bh3 16. Rd1 Qb6 17. d5 Bxb2 18. Qxb2 cxd5 19. Rxd5 Nc6 20. Ng2 Nb4 21. Rb5 Qd6 22. Ne3 Rd8 23. Qe2 b6 24. Nd5 Nxd5 25. Rxd5 Qc7 26. Qd2 Rxd5 27. Qxd5 Kg7 28. Bg2 e6 29. Qd4+ e5 30. Qd5 Bxg2 31. Kxg2 Qc5 32. Qd2 Qa3 33. Qe3 Qc5 34. Kf3 f5 35. Qxc5 bxc5 36. Ke3 Kf6 37. Kd3 e4+ 38. Kc3 g5 39. b4 cxb4+ 40. Kxb4 f4 41. c5 e3 42. fxe3 f3 43. c6 Ke7 44. Kc5 f2 45. Kb6 f1=Q 46. c7 Kd7 47. Kb7 Qb1+ 48. Ka6 Kxc7 49. Ka5 Qb3 50. e4 Kc6 51. e5 Qb5# 0-1


[Site "https://www.chess.com"]

[Event "Titled Tuesday Blitz April 18 Early 2023"]
[White "AyMitecK"]
[Black "Cherniaiev, Tykhon"]
[BlackFideId "14182360"]
[WhiteElo "2567"]
[BlackElo "2450"]
[Result "0-1"]
[Round "07"]
[TimeControl "180+2"]
[Date "2023.04.18"]
[WhiteClock "0:01:03"]
[BlackClock "0:00:13"]

1. e4 e5 2. Nf3 Nc6 3. Bc4 Bc5 4. c3 Nf6 5. d3 d6 6. O-O a6 7. Nbd2 O-O 8. Bb3 h6 9. h3 Be6 10. Bc2 Ba7 11. Re1 Re8 12. Nf1 d5 13. Qe2 Qd7 14. g4 Rad8 15. Ng3 b5 16. Nh4 Nxg4 17. hxg4 Bxg4 18. Qd2 dxe4 19. Rxe4 f5 20. Rxg4 fxg4 21. Qe2 Rf8 22. d4 Bxd4 23. cxd4 Nxd4 24. Qe4 Nxc2 25. Qxc2 Qd1+ 26. Qxd1 Rxd1+ 27. Kg2 Rf6 28. b3 Rc6 29. Bb2 Rxa1 30. Bxa1 Rc2 31. a4 bxa4 32. bxa4 Ra2 33. Bxe5 Rxa4 34. Bxc7 a5 35. Nhf5 Ra2 36. Ne3 a4 37. Nxg4 a3 38. Bd6 Ra1 39. Be5 Rb1 40. Ne3 a2 41. Nc2 Rc1 42. Na1 Kf7 43. Kf3 g6 44. Ne2 Re1 45. Bc3 Rb1 46. Ke3 h5 47. Kd2 h4 48. Nc1 h3 49. Be5 Rxa1 50. Bxa1 h2 51. Nxa2 h1=Q 52. Bd4 Qd5 53. Ke3 Qxa2 54. Ke4 Ke6 55. f3 Qd5+ 56. Ke3 Kf5 57. Kd3 Qxf3+ 58. Kc4 g5 59. Bc3 g4 60. Bd4 g3 61. Bc5 g2 62. Bg1 Ke4 63. Bd4 Qd3+ 64. Kb4 Qxd4+ 65. Kb5 g1=Q 0-1


[Site "https://www.chess.com"]

[Event "Titled Tuesday Blitz April 18 Early 2023"]
[White "Molina, Roberto Junio Brito"]
[Black "SashaKuzhilniy"]
[WhiteFideId "2109450"]
[WhiteElo "2376"]
[BlackElo "2564"]
[Result "1-0"]
[Round "07"]
[TimeControl "180+2"]
[Date "2023.04.18"]
[WhiteClock "0:01:13"]
[BlackClock "0:00:17"]

1. d4 Nf6 2. c4 e5 3. dxe5 Ng4 4. Bf4 Nc6 5. Nf3 Bb4+ 6. Nbd2 Qe7 7. e3 Ngxe5 8. Nxe5 Nxe5 9. Be2 a5 10. O-O d6 11. a3 Bc5 12. Ne4 Bb6 13. Nc3 c6 14. b3 O-O 15. Qd2 Be6 16. e4 h6 17. Be3 Bxe3 18. Qxe3 f5 19. f4 Ng6 20. exf5 Bxf5 21. Qxe7 Nxe7 22. Rad1 Rad8 23. Bd3 d5 24. cxd5 Bxd3 25. Rxd3 Nxd5 26. Nxd5 Rxd5 27. Rxd5 cxd5 28. g3 Rc8 29. Rd1 Rc5 30. a4 Kf7 31. Kf2 Ke6 32. Ke3 b5 33. Kd4 Kd6 34. axb5 Rxb5 35. Kc3 Kc5 36. Re1 Rb7 37. Re6 d4+ 38. Kc2 d3+ 39. Kxd3 Rxb3+ 40. Ke4 Rb6 41. Re7 g6 42. g4 a4 43. Ra7 Kb5 44. f5 gxf5+ 45. gxf5 Kb4 46. Ke5 Rb5+ 47. Ke6 Ra5 48. Rxa5 Kxa5 49. f6 a3 50. f7 a2 51. f8=Q a1=Q 52. Qa8+ Kb4 1-0


[Site "https://www.chess.com"]

[Event "Titled Tuesday Blitz April 18 Early 2023"]
[White "Elgersma, Onno"]
[Black "Samunenkov, Ihor"]
[WhiteFideId "1053531"]
[BlackFideId "14187086"]
[WhiteElo "2252"]
[BlackElo "2457"]
[Result "0-1"]
[Round "07"]
[TimeControl "180+2"]
[Date "2023.04.18"]
[WhiteClock "0:00:04"]
[BlackClock "0:00:05"]

1. Nf3 d5 2. b3 c5 3. Bb2 f6 4. e4 dxe4 5. Nh4 g6 6. Nc3 Qd4 7. Bb5+ Nc6 8. Qe2 e3 9. Nf3 exf2+ 10. Kd1 Qf4 11. Qxf2 Bg4 12. Nd5 Bxf3+ 13. Qxf3 Qxf3+ 14. gxf3 O-O-O 15. Bxc6 bxc6 16. Ne3 e5 17. Nc4 Ne7 18. f4 exf4 19. Bxf6 Rg8 20. Re1 Bg7 21. Bxe7 Bxa1 22. Bxd8 Rxd8 23. Re7 Bd4 24. Rxa7 Kb8 25. Rf7 g5 26. a4 Rc8 27. Ke2 h5 28. Kf3 Re8 29. a5 Re1 30. a6 g4+ 31. Kxf4 Rf1+ 0-1


[Site "https://www.chess.com"]

[Event "Titled Tuesday Blitz April 18 Early 2023"]
[White "Kosteniuk, Alexandra"]
[Black "benny_aizenberg"]
[WhiteFideId "4128125"]
[WhiteElo "2453"]
[BlackElo "2564"]
[Result "1/2-1/2"]
[Round "07"]
[TimeControl "180+2"]
[Date "2023.04.18"]
[WhiteClock "0:00:07"]
[BlackClock "0:00:09"]

1. c4 f5 2. d3 Nf6 3. Nc3 g6 4. e4 d6 5. f4 Bg7 6. Nf3 O-O 7. g3 Nc6 8. Bg2 e5 9. O-O h6 10. Nd5 fxe4 11. Nxf6+ Qxf6 12. dxe4 exf4 13. gxf4 Kh7 14. Rb1 Bg4 15. Be3 Rae8 16. Qd3 a5 17. a3 b6 18. Rf2 Nb8 19. Nd4 Nd7 20. b4 axb4 21. axb4 Be6 22. Nb5 Rc8 23. Na7 Ra8 24. Nc6 Qf7 25. f5 gxf5 26. exf5 Bxc4 27. Qe4 Nf6 28. Qh4 Bd5 29. Nd4 Ra3 30. Nc2 Ra2 31. Bd4 Rg8 32. Kh1 Nd7 33. Bxg7 Rxg7 34. Rg1 Ne5 35. f6 Rg4 36. Qh3 Rxg2 37. Rgxg2 Qg6 38. f7 Nxf7 39. Rxf7+ Qxf7 40. Qd3+ Kh8 41. Qd4+ Kh7 42. Qd3+ Kh8 43. Qd4+ Kh7 44. Qd3+ 1/2-1/2


[Site "https://www.chess.com"]

[Event "Titled Tuesday Blitz April 18 Early 2023"]
[White "jinbojinbo"]
[Black "Shohat, Yotam"]
[BlackFideId "2813955"]
[WhiteElo "2707"]
[BlackElo "2226"]
[Result "1-0"]
[Round "07"]
[TimeControl "180+2"]
[Date "2023.04.18"]
[WhiteClock "0:00:44"]
[BlackClock "0:00:05"]

1. g3 e5 2. Bg2 d5 3. d3 c6 4. Nf3 Bd6 5. e4 Nf6 6. Nc3 d4 7. Ne2 c5 8. O-O Nc6 9. Nh4 O-O 10. h3 Re8 11. Nf5 Bxf5 12. exf5 e4 13. dxe4 Nxe4 14. Bf4 Qf6 15. Bxd6 Nxd6 16. g4 g5 17. Ng3 Qe5 18. Qd2 h6 19. Rae1 Nc4 20. Qc1 Qd6 21. b3 Nb6 22. Ne4 Qe7 23. f4 f6 24. Nxg5 hxg5 25. Rxe7 Rxe7 26. fxg5 Re3 27. gxf6 Ne5 28. Re1 Rxe1+ 29. Qxe1 Re8 30. Qh4 Nf7 31. g5 1-0


[Site "https://www.chess.com"]

[Event "Titled Tuesday Blitz April 18 Early 2023"]
[White "Prohaszka, Peter"]
[Black "Sousa, Andre Ventura"]
[WhiteFideId "726265"]
[BlackFideId "1917617"]
[WhiteElo "2626"]
[BlackElo "2348"]
[Result "0-1"]
[Round "07"]
[TimeControl "180+2"]
[Date "2023.04.18"]
[WhiteClock "0:00:04"]
[BlackClock "0:00:28"]

1. d4 Nf6 2. Bf4 e6 3. Nd2 c5 4. e3 b6 5. Ngf3 Be7 6. Nc4 d5 7. Nce5 O-O 8. c3 Ne4 9. h4 f6 10. Nd3 c4 11. Nc1 Nc6 12. Ne2 Bd7 13. Nd2 Nd6 14. Bh2 Be8 15. Nf4 Bf7 16. Be2 e5 17. Nh5 g6 18. Ng3 e4 19. h5 f5 20. hxg6 hxg6 21. f3 Bh4 22. Nf1 Qg5 23. f4 Qe7 24. Bg1 b5 25. Bf2 Bf6 26. Nd2 b4 27. Qa4 bxc3 28. bxc3 Rfc8 29. Rb1 Be8 30. Qa3 Rab8 31. O-O Nb5 32. Qxe7 Bxe7 33. Rbc1 Ba3 34. Rc2 Rb6 35. Nb1 Bd6 36. Rfc1 Rcb8 37. Nf1 Na3 38. Nxa3 Bxa3 39. Rd1 Rb1 40. Kh2 Rxd1 41. Bxd1 Rb1 42. Be2 Nd8 43. g4 Ba4 44. Rd2 Bb2 45. gxf5 Bxc3 46. fxg6 Bxd2 47. Nxd2 Rb2 48. Bh4 Rxd2 49. Bxd8 Rxe2+ 50. Kg3 Kg7 51. f5 Rxe3+ 52. Kf4 Rf3+ 53. Kg5 Be8 54. f6+ Kg8 55. Be7 c3 56. Ba3 c2 57. Bc1 e3 58. a4 e2 59. f7+ Bxf7 60. gxf7+ Rxf7 61. Bd2 e1=Q 62. Bxe1 c1=Q+ 63. Kg4 Qf4+ 64. Kh3 Rh7+ 65. Kg2 Rh2+ 66. Kg1 Re2 67. Bh4 Qxh4 68. a5 Qf2+ 69. Kh1 Qg2# 0-1


[Site "https://www.chess.com"]

[Event "Titled Tuesday Blitz April 18 Early 2023"]
[White "Dushyant Sharma"]
[Black "Matinian, Nikita"]
[WhiteFideId "25065130"]
[BlackFideId "24129100"]
[WhiteElo "2198"]
[BlackElo "2422"]
[Result "1-0"]
[Round "07"]
[TimeControl "180+2"]
[Date "2023.04.18"]
[WhiteClock "0:00:02"]
[BlackClock "0:00:02"]

1. e4 c5 2. Nf3 e6 3. d4 cxd4 4. Nxd4 Nc6 5. Nc3 Qc7 6. f4 a6 7. Be3 b5 8. Bd3 Bb7 9. Nb3 Bb4 10. O-O Nge7 11. Qg4 Ng6 12. a3 h5 13. Qh3 Be7 14. Kh1 h4 15. Rad1 O-O-O 16. a4 b4 17. Ne2 Kb8 18. c3 d5 19. e5 bxc3 20. bxc3 Nf8 21. Rb1 Nd7 22. Bxa6 Ka8 23. Bxb7+ Qxb7 24. Nbd4 Qa6 25. Nb5 Rc8 26. Ned4 Na5 27. f5 Nc4 28. fxe6 fxe6 29. Nxe6 Bd8 30. Nxd8 Rhxd8 31. Bg5 Qc6 32. Bxd8 Rxd8 33. e6 Nf6 34. e7 Re8 35. Qd3 Rxe7 36. Qd4 Rd7 37. Rbe1 Ne4 38. Rf8+ Kb7 39. Qa7# 1-0


[Site "https://www.chess.com"]